 Dungeon Crawl Stone Soup version 0.25-a0-737-g26c3a87c45 (webtiles) character file.

Game seed: 11876306846062839374, levelgen mode: deterministic

150908 Hastur the Spry (level 16, 0/134 HPs)
             Began as a White Draconian Wizard on Apr 11, 2020.
             Was a High Priest of Hepliaklqana.
             Collided with a rock wall (13 damage)
             ... caused by a nagaraja
             ... on level 4 of the Snake Pit on Apr 12, 2020.
             The game lasted 03:00:08 (51053 turns).

Hastur the Spry (White Draconian Wizard)           Turns: 51053, Time: 03:00:09

Health: 0/134      AC: 18    Str: 10    XL:     16   Next: 99%
Magic:  23/23      EV: 18    Int: 25    God:    Hepliaklqana [*****.]
Gold:   1565       SH: 10    Dex: 10    Spells: 8/25 levels left

rFire    . . .     SeeInvis .   b - +1 trident
rCold    + . .     Gourm    .   f - +0 kite shield {reflect}
rNeg     . . .     Faith    .   (armour unavailable)
rPois    +         Spirit   .   N - +2 hat
rElec    +         Reflect  +   k - +0 cloak (curse)
rCorr    .         Harm     .   J - +2 pair of gloves
MR       ++...                  z - +2 pair of boots
Stlth    ++........             (no amulet)
HPRegen  0.32/turn              B - ring "Lof Deack" {+Fly rElec rPois Slay+2}
MPRegen  0.18/turn              E - ring of protection from magic

@: lethally poisoned (0 -> -1)
A: breathe frost, unfitting armour, reduced essence, cold resistance 1,
cold-blooded, AC +9
a: Breathe Frost, Recall Ancestor, Ancestor Identity, Transference, Idealise,
Renounce Religion, Evoke Flight


You were on level 4 of the Snake Pit.
You worshipped Hepliaklqana.
Hepliaklqana was extremely pleased with you.
You were not hungry.

You visited 5 branches of the dungeon, and saw 28 of its levels.
You also visited: Ice Cave.

You collected 2649 gold pieces.
You spent 1084 gold pieces at shops.

Inventory:

Hand Weapons
 b - a +1 trident (weapon)
 P - a +2 whip of venom
Missiles
 d - 82 poisoned darts
 t - 2 throwing nets
 G - 807 stones (quivered)
Armour
 f - a +0 kite shield of reflection (worn)
 k - a cursed +0 cloak (worn)
 m - a +0 buckler
 u - the +1 pair of gloves "Mankig" {rC- rN+ SInv}
   (You bought it in a shop on level 1 of the Snake Pit)

   It makes you vulnerable to cold.
   It protects you from negative energy.
   It lets you see invisible.
 z - a +2 pair of boots (worn)
 J - a +2 pair of gloves (worn)
 N - a +2 hat (worn)
Magical Staves
 O - an uncursed staff of cold
Jewellery
 p - an uncursed ring of protection from fire
 B - the ring "Lof Deack" (left hand) {+Fly rElec rPois Slay+2}
   (You found it on level 5 of the Dungeon)

   [ring of poison resistance]

   It affects your accuracy and damage with ranged weapons and melee attacks
   (+2).
   It insulates you from electricity.
   It protects you from poison.
   It lets you fly.
 E - a ring of protection from magic (right hand)
 F - an uncursed ring of magical power
 H - an uncursed ring of positive energy
 S - an uncursed ring of see invisible
Wands
 a - a wand of iceblast (30)
 j - a wand of digging (3)
 v - a wand of paralysis (16)
 x - a wand of polymorph (5)
 M - a wand of acid (1)
 Q - a wand of flame (24)
Scrolls
 e - a scroll of enchant armour
 n - 4 scrolls of amnesia
 q - 3 scrolls of fear
 s - 7 scrolls of remove curse
 y - 2 scrolls of immolation
 C - 5 scrolls of teleportation
 D - 9 scrolls of identify
 I - a scroll of magic mapping
 K - 4 scrolls of enchant weapon
 R - 6 scrolls of fog
 T - a scroll of summoning
Potions
 h - 2 potions of invisibility
 i - 5 potions of brilliance
 l - 2 potions of mutation
 o - 2 potions of magic
 r - 7 potions of curing
 w - a potion of might
 L - 3 potions of haste
 U - 3 potions of resistance
 V - 3 potions of ambrosia
 X - a potion of lignification
 Y - 2 potions of cancellation
Miscellaneous
 g - a phantom mirror
 Z - a box of beasts
Comestibles
 c - 26 rations


   Skills:
 - Level 15.0 Fighting
 - Level 14.0 Polearms
 - Level 15.2 Dodging
 - Level 1.7 Stealth
 + Level 9.0 Shields
 - Level 5.0 Spellcasting
 + Level 8.9 Conjurations
 - Level 2.0 Summonings
 - Level 1.0 Translocations
 - Level 10.0 Ice Magic
 - Level 6.0 Air Magic
 - Level 10.1 Invocations
 - Level 5.1 Evocations


You had 8 spell levels left.
You knew the following spells:

 Your Spells              Type           Power        Failure   Level  Hunger
a - Magic Dart            Conj           ####         1%          1    None
b - Call Imp              Summ           ###.....     12%         2    None
c - Mephitic Cloud        Conj/Pois/Air  ####....     7%          3    ##.....
d - Blink                 Tloc           N/A          17%         2    None
e - Conjure Flame         Conj/Fire      ####....     9%          3    ##.....
f - Freezing Cloud        Conj/Ice/Air   #####.....   65%         6    #######

Your spell library contained the following spells:

 Spells                   Type           Power        Failure   Level  Hunger
 Foxfire                  Conj/Fire      ####         2%          1    None
 Summon Small Mammal      Summ           ###.         8%          1    None
 Apportation              Tloc           ##....       12%         1    None
 Animate Skeleton         Necr           N/A          17%         1    None
 Corona                   Hex            #......      17%         1    None
 Ice Form                 Ice/Tmut       ####....     22%         4    ####...
 Slow                     Hex            #.......     26%         2    None
 Sublimation of Blood     Necr           #.........   26%         2    None
 Sticky Flame             Conj/Fire      ####....     28%         4    ####...
 Ozocubu's Refrigeration  Ice            ######....   41%         6    #######
 Ignite Poison            Fire/Tmut/Pois #.......     45%         3    ##.....
 Inner Flame              Hex/Fire       #.......     45%         3    ##.....
 Metabolic Englaciation   Hex/Ice        ####......   52%         5    #####..
 Fireball                 Conj/Fire      ####......   61%         5    #####..
 Irradiate                Conj/Tmut      ####......   61%         5    #####..
 Iskenderun's Battlesphe  Conj/Chrm      ####....     61%         5    #####..
 Bolt of Magma            Conj/Fire/Erth ###.......   82%         5    #####..
 Petrify                  Tmut/Erth      #.......     86%         4    ####...
 Simulacrum               Ice/Necr       ####......   98%         6    #######
 Orb of Destruction       Conj           ######....   98%         7    #######
 Alistair's Intoxication  Tmut/Pois      #.......     99%         5    #####..
 Iron Shot                Conj/Erth      ####......   99%         6    #######
 Eringya's Noxious Bog    Tmut/Pois      #.........   100%        6    #######
 Hydra Form               Tmut           #.........   100%        6    #######
 Statue Form              Tmut/Erth      #........    100%        6    #######
 Dragon Form              Tmut           #.........   100%        7    #######
 Spellforged Servitor     Conj/Summ      ####......   100%        7    #######


Dungeon Overview and Level Annotations

Branches:
Dungeon (15/15)            Temple (1/1) D:5            Lair (6/6) D:8
 Shoals (0/4) Lair:3        Snake (4/4) Lair:2          Orc (2/2) D:9
    Elf (0/3) Orc:2        Vaults (0/5) D:13         Depths (0/5) D:15
  IceCv (visited)
  Slime: Lair:5-6

Altars:
Ashenzari
Cheibriados
Dithmenos
Elyvilon
Fedhas
Gozag
Hepliaklqana
Kikubaaqudgha
Makhleb
Nemelex Xobeh
Okawaru
Qazlal
Ru
Sif Muna
Trog
Uskayaw
Vehumet
Wu Jian
Xom
Yredelemnul
Zin
The Shining One
Beogh

Shops:
D:4 *   D:7 *   D:10 !   D:14 =   Orc:1 %   Orc:2 :(?!   Snake:1 **[*[
Snake:2 %

Portals:
Pandemonium: Orc:2

Annotations:
D:14 2 transporters, Zajic's ghost, journeyman MiBe
Lair:6 exclusion: 4 oklob plants
Snake:1 3 runed translucent doors, exclusion: obsidian statue, Zajic's ghost, adept MiBe


Innate Abilities, Weirdness & Mutations

You can breathe waves of freezing cold.
You can buffet flying creatures when you breathe cold.
Your icy white scales are hard. (AC +9)
You cannot fit into any form of body armour.
Your flesh is cold resistant. (rC+)
You are cold-blooded and may be slowed by cold attacks.
Your life essence is reduced to manifest your ancestor. (-10% HP)


Message History

The splash of poison hits you but does no damage.
You resist.
Attack whom?
Press: ? - help, Dir - move target cursor, f/p - nagaraja
Aim: a nagaraja, wielding a +0 spear of freezing and wearing a +0 robe (almost dead, fast, catching its breath)
You reach to attack!
You puncture the nagaraja!
The nagaraja is almost dead.
The nagaraja hits you but does no damage.
Attack whom?
Press: ? - help, Dir - move target cursor, f/p - nagaraja
Aim: a nagaraja, wielding a +0 spear of freezing and wearing a +0 robe (almost dead, fast)
You reach to attack!
You hit the nagaraja but do no damage.
The nagaraja is almost dead.
Groot closely misses the nagaraja.
The nagaraja gestures at you while chanting.
The lance of force hits you!
* * * LOW HITPOINT WARNING * * *
You are knocked back by the lance of force.
You slam into the rock wall!
You die...

#...^........########....##.
#............# #....##.
#............# #....###
############## #....# # ...#
#....# # ######.### #....# #
#.(()(.NR# ######
###)####.#.# ##...#
#.#@################ #....#
#.#.#............... #$...#
#.#.#............... #....#
#.#.#............... #....#
#.#'#............... #..#.#
#..................) #..#$#
#................... #..#.#
#.................). ... .#
#.###.............^.


You could see the friendly Groot the knight and a nagaraja.

Vanquished Creatures
  2 nagarajas
  A fire giant (D:15)
  A stone giant (D:14)
  An ogre mage (D:13)
  An ettin (D:14)
  4 naga warriors
  Erica (D:8)
  2 hydras
  A centaur warrior (D:13)
  4 two-headed ogres (D:13)
  2 catoblepae (Lair:6)
  4 anacondas
  12 death yaks
  5 naga sharpshooters
  2 orc high priests (Orc:2)
  Urug (D:12)
  A soul eater (Orc:2)
  4 shock serpents
  2 unseen horrors
  A torturous demonspawn (Orc:2)
  A wizard (D:13)
  A gelid demonspawn (Orc:2)
  An infernal demonspawn (Orc:2)
  2 orc knights
  2 naga ritualists
  4 orc sorcerers (Orc:2)
  2 deep elf magi
  5 manticores
  2 mana vipers
  2 slime creatures (D:10)
  2 salamanders
  2 cyclopes
  7 ugly things
  7 elephants
  11 black mambas
  A rust devil (Orc:2)
  6 spiny frogs
  9 naga magi
  3 gargoyles
  2 centaur skeletons (D:15)
  A rime drake (Lair:6)
  4 freezing wraiths (IceCv)
  A kobold demonologist (D:13)
  An efreet (D:15)
  4 komodo dragons
  A tengu conjurer (D:15)
  A red devil (Orc:2)
  A queen bee (D:15)
  A polar bear (Lair:6)
  3 trolls
  3 meliai (D:15)
  A harpy skeleton (D:15)
  20 blink frogs
  2 dream sheep (Lair:5)
  7 hippogriffs
  A vampire (D:14)
  A water elemental (D:15)
  A wyvern (D:15)
  A ynoxinul (Orc:2)
  A fire elemental (D:11)
  25 yaks
  2 humans (D:8)
  Menkaure (D:4)
  2 hungry ghosts (D:9)
  A warg (Orc:1)
  9 nagas
  3 porcupines
  A hell hound (D:11)
  11 water moccasins
  7 ice beasts
  17 orc warriors
  2 sky beasts
  A hornet zombie (D:7)
  A black bear (D:7)
  A necrophage (D:6)
  2 alligator simulacra (IceCv)
  12 ogres
  4 centaurs
  6 crocodiles
  2 big kobolds (D:14)
  8 bullfrogs
  A gnoll sergeant (D:12)
  14 killer bees
  A howler monkey (D:5)
  3 wights
  3 electric eels
  3 bullfrog zombies
  3 crimson imps
  A quasit (D:10)
  2 centaur zombies
  A draconian simulacrum (IceCv)
  3 jellies
  3 hounds
  6 orc priests
  2 bullfrog skeletons
  4 knights
  3 iguanas
  12 orc wizards
  A spriggan simulacrum (IceCv)
  10 worker ants
  A wolf simulacrum (IceCv)
  3 troll simulacra (IceCv)
  A centaur simulacrum (IceCv)
  3 ogre zombies (D:9)
  13 adders
  An ancestor (D:6)
  4 gnolls
  A naga simulacrum (IceCv)
  An ogre simulacrum (IceCv)
  4 shadow imps
  4 white imps (IceCv)
  An adder skeleton (D:6)
  2 adder zombies (D:7)
  2 worms
  A leopard gecko (D:7)
  50 orcs
  6 giant cockroaches
  3 goblins (D:2)
  8 hobgoblins
  8 jackals
  3 quokkas
  2 ball pythons (Snake:1)
  3 bats
  2 frilled lizards
  2 goblin skeletons (D:9)
  A hobgoblin skeleton (D:9)
  A hobgoblin zombie (D:9)
  12 kobolds
  8 orc zombies (D:9)
  4 rats
  A bush (D:1)
530 creatures vanquished.

Vanquished Creatures (collateral kills)
  A sphinx (D:14)
  A tengu reaver (D:14)
  Donald (Orc:2)
  Azrael (D:11)
  3 hydras
  2 catoblepae
  3 naga warriors
  3 two-headed ogres
  9 anacondas
  5 death yaks
  5 naga sharpshooters
  2 shock serpents
  3 orc high priests (Orc:2)
  An unseen horror (D:12)
  3 naga ritualists
  3 orc knights
  A wolf spider zombie (D:15)
  A necromancer (IceCv)
  5 mana vipers
  2 manticores
  5 ugly things
  A salamander (Snake:2)
  6 elephants
  3 orc sorcerers (Orc:2)
  12 black mambas
  3 guardian serpents
  An ice statue (IceCv)
  5 naga magi
  2 spiny frogs
  Psyche (D:10)
  An orange demon (Orc:2)
  A centaur skeleton (D:13)
  2 kobold demonologists (D:14)
  7 freezing wraiths
  A komodo dragon (Lair:4)
  An ice devil (Orc:2)
  A jumping spider (shapeshifter) (D:15)
  A troll (D:10)
  7 blink frogs
  2 dream sheep (Lair:5)
  2 hippogriffs
  3 vampires (D:15)
  2 water elementals
  27 yaks
  2 hungry ghosts (D:9)
  8 humans (D:8)
  3 basilisks
  9 nagas
  A soldier ant (D:10)
  A water moccasin (Lair:6)
  2 hell hounds (D:11)
  4 porcupines
  17 orc warriors
  10 ice beasts
  A black bear (Lair:3)
  A phantom (D:12)
  A sky beast (D:11)
  6 ogres
  7 centaurs
  2 crocodiles
  6 bullfrogs
  A wyvern zombie (D:8)
  A water moccasin skeleton (D:11)
  An elephant simulacrum (IceCv)
  4 killer bees
  10 wights
  A howler monkey (D:5)
  3 crimson imps
  A bullfrog zombie (D:7)
  A draconian simulacrum (IceCv)
  A quasit (D:7)
  11 orc priests
  A jelly (D:9)
  3 iguanas
  7 orc wizards
  5 worker ants
  3 troll simulacra (IceCv)
  A spriggan simulacrum (IceCv)
  3 ogre zombies (D:9)
  2 centaur simulacra (IceCv)
  2 worker ant zombies
  6 gnolls
  2 adders
  4 naga simulacra (IceCv)
  An ogre simulacrum (IceCv)
  2 shadow imps
  8 white imps (IceCv)
  An adder skeleton (D:6)
  A worm (D:2)
  37 orcs
  A hobgoblin (D:2)
  5 jackals
  A kobold (D:14)
  A goblin skeleton (D:9)
  A goblin zombie (D:9)
  A leopard gecko skeleton (D:5)
  5 orc zombies (D:9)
  2 fungi
  2 plants (Lair:2)
376 creatures vanquished.

Vanquished Creatures (others)
  42 knights
  5 ancestors
  12 fungi
  20 plants
79 creatures vanquished.

Grand Total: 985 creatures vanquished

Notes
Turn   | Place    | Note
-------+----------+-------------------------------------------
     0 | D:1      | Hastur the Draconian Wizard began the quest for the Orb.
     0 | D:1      | Reached XP level 1. HP: 14/14 MP: 4/4
   292 | D:1      | Reached skill level 1 in Fighting
   376 | D:1      | Reached XP level 2. HP: 23/23 MP: 1/6
   395 | D:1      | Learned a level 2 spell: Call Imp
  1520 | D:2      | Found a hazy altar of Hepliaklqana.
  1855 | D:2      | Reached XP level 3. HP: 28/28 MP: 3/7
  1899 | D:2      | Learned a level 3 spell: Mephitic Cloud
  2211 | D:2      | Upgraded the game from 0.25-a0-734-g73332aeda9 to
                  | 0.25-a0-737-g26c3a87c45
  2491 | D:3      | Noticed a sky beast
  2669 | D:3      | Reached skill level 1 in Air Magic
  2845 | D:3      | Reached XP level 4. HP: 20/35 MP: 1/8
  3132 | D:3      | Found a white marble altar of Elyvilon.
  3808 | D:3      | Killed a sky beast
  3808 | D:3      | Reached XP level 5. HP: 18/40 MP: 3/9
  4304 | D:3      | Found a shadowy altar of Dithmenos.
  4472 | D:2      | Became a worshipper of Hepliaklqana the Forgotten
  4562 | D:4      | Found Inyv's General Store.
  4898 | D:4      | Got a twitching turquoise ring
  4938 | D:4      | Noticed Menkaure
  4963 | D:4      | Killed Menkaure
  4963 | D:4      | Reached XP level 6. HP: 28/45 MP: 3/10
  5195 | D:4      | Found a shimmering blue altar of Sif Muna.
  5432 | D:5      | Entered Level 5 of the Dungeon
  5610 | D:5      | Got a shimmering platinum ring
  5654 | D:5      | Found a staircase to the Ecumenical Temple.
  5672 | D:5      | Identified the ring "Lof Deack" {+Fly rElec rPois Slay+2}
                  | (You found it on level 5 of the Dungeon)
  5674 | D:5      | Identified the ring of Gokiovor {Ice Dex+5 Slay-5 Stlth+}
                  | (You found it on level 4 of the Dungeon)
  5679 | Temple   | Entered the Ecumenical Temple
  6049 | D:5      | Your scales start taking on an icy white colour.
  6049 | D:5      | Reached XP level 7. HP: 54/54 MP: 1/11
  6049 | D:5      | Gained mutation: Your flesh is cold resistant. (rC+) [White
                  | Draconian growth]
  6083 | D:5      | Reached skill level 5 in Fighting
  6416 | D:6      | Noticed a manticore
  6858 | D:5      | Learned a level 2 spell: Blink
  6862 | D:5      | Learned a level 3 spell: Conjure Flame
  7008 | D:6      | Reached skill level 5 in Spellcasting
  7043 | D:6      | Reached skill level 1 in Shields
  7043 | D:6      | Reached skill level 1 in Invocations
  7085 | D:6      | Killed a manticore
  7085 | D:6      | Reached XP level 8. HP: 50/61 MP: 8/15
  7207 | D:6      | Reached * piety under Hepliaklqana
  7327 | D:6      | Found an ornate altar of the Wu Jian Council.
  7542 | D:6      | Found the +7 Kryia's mail coat {PotionHeal*2 rC+}
  7552 | D:6      | Found a shattered altar of Ashenzari.
  7577 | D:6      | Reached skill level 5 in Invocations
  7596 | D:6      | Found a burning altar of Makhleb.
  7765 | D:6      | Found a glowing silver altar of Zin.
  7778 | D:6      | Found a sacrificial altar of Ru.
  7911 | D:7      | Reached skill level 1 in Evocations
  7934 | D:7      | Reached skill level 5 in Conjurations
  8052 | D:7      | Noticed a hippogriff
  8066 | D:7      | Killed a hippogriff
  8066 | D:7      | Reached XP level 9. HP: 60/66 MP: 8/16
  8346 | D:7      | Reached ** piety under Hepliaklqana
  8347 | D:7      | Remembered your ancestor Groot as a knight
  8374 | D:7      | Found Zapheapaol's General Store.
  8621 | D:8      | Noticed Erica
  8671 | D:8      | Reached skill level 5 in Evocations
  8700 | D:8      | Reached skill level 1 in Polearms
  8817 | D:8      | Found a staircase to the Lair.
  8926 | D:8      | Killed Erica
  9040 | D:8      | Reached XP level 10. HP: 62/77 MP: 1/17
  9310 | D:8      | Found a runed translucent door.
  9375 | D:8      | Reached skill level 5 in Polearms
  9626 | D:8      | Found a runed translucent door.
  9628 | D:8      | Found a runed translucent door.
 10281 | D:8      | Found a roughly hewn altar of Beogh.
 10421 | D:9      | Found a sparkling altar of Nemelex Xobeh.
 10590 | D:8      | Reached skill level 10 in Fighting
 10848 | D:9      | Reached XP level 11. HP: 89/89 MP: 15/18
 11061 | D:9      | Found a staircase to the Orcish Mines.
 11275 | D:9      | Reached *** piety under Hepliaklqana
 12222 | D:10     | Entered Level 10 of the Dungeon
 12300 | D:10     | Found Qoxoegi's Distillery.
 12368 | D:10     | Noticed Psyche
 12383 | D:10     | Killed Psyche
 12779 | D:10     | Reached **** piety under Hepliaklqana
 13914 | D:11     | Noticed a green ugly thing
 13943 | D:11     | Killed a green ugly thing
 13943 | D:11     | Reached skill level 10 in Polearms
 14723 | D:12     | Noticed Azrael
 14941 | D:12     | Noticed Urug
 14946 | D:12     | Killed an unseen horror
 15197 | D:12     | Killed Urug
 15197 | D:12     | Reached XP level 12. HP: 74/99 MP: 17/19
 15949 | Lair:1   | Entered Level 1 of the Lair of Beasts
 17078 | Lair:2   | Found a staircase to the Snake Pit.
 17794 | Lair:3   | Found a staircase to the Shoals.
 18171 | Lair:3   | Reached ***** piety under Hepliaklqana
 18638 | Lair:3   | Noticed a catoblepas
 18662 | Lair:3   | Killed a catoblepas
 18662 | Lair:3   | Reached skill level 10 in Invocations
 19619 | Lair:4   | Noticed a death yak
 19620 | Lair:4   | Noticed a death yak
 19647 | Lair:4   | Noticed a death yak
 19709 | Lair:4   | Killed a death yak
 19713 | Lair:4   | Killed a death yak
 19744 | Lair:4   | Killed a death yak
 19981 | Lair:4   | Reached XP level 13. HP: 102/104 MP: 20/20
 21934 | Lair:6   | Entered Level 6 of the Lair of Beasts
 22036 | Lair:6   | Reached skill level 5 in Dodging
 24826 | Lair:6   | Reached XP level 14. HP: 92/111 MP: 14/21
 25315 | Lair:6   | Reached skill level 10 in Dodging
 25880 | Lair:5   | HP: 1/111 [death yak (26)]
 27132 | Lair:6   | Identified the ring "Imisob" {rElec rPois} (You found it on
                  | level 6 of the Lair of Beasts)
 27823 | D:11     | Killed Azrael
 29941 | D:13     | Found a gate to the Vaults.
 30464 | D:14     | Found Giholu's Jewellery Shop.
 31192 | D:14     | Noticed a sphinx
 31195 | D:14     | Noticed a stone giant
 31212 | D:14     | Noticed a tengu reaver
 32021 | D:14     | Noticed Zajic's ghost (journeyman MiBe)
 32045 | D:14     | Found a transporter.
 32049 | D:14     | Found a transporter.
 32212 | D:14     | Reached skill level 15 in Fighting
 32279 | D:14     | Killed a stone giant
 32988 | D:14     | Killed a tengu reaver
 32988 | D:14     | Reached skill level 5 in Shields
 33246 | D:15     | Entered Level 15 of the Dungeon
 33264 | D:15     | Reached XP level 15. HP: 98/126 MP: 22/22
 33305 | D:14     | Killed a sphinx
 33650 | D:15     | Found a frozen archway.
 33694 | IceCv    | Entered an ice cave
 34413 | IceCv    | Found an ancient bone altar of Kikubaaqudgha.
 35157 | IceCv    | Learned a level 6 spell: Freezing Cloud
 35403 | D:15     | Reached skill level 1 in Ice Magic
 35516 | D:15     | Found a sparkling altar of Nemelex Xobeh.
 35942 | D:15     | Found a staircase to the Depths.
 35942 | D:15     | Noticed a fire giant
 36020 | D:15     | Killed a fire giant
 36584 | Orc:1    | Entered Level 1 of the Orcish Mines
 36605 | Orc:1    | Found Xankom's Food Shoppe.
 36854 | Orc:2    | Entered Level 2 of the Orcish Mines
 37693 | Orc:2    | Found a staircase to the Elven Halls.
 37724 | Orc:2    | Noticed Donald
 37753 | Orc:2    | Killed Donald
 38324 | Orc:1    | Found a roughly hewn altar of Beogh.
 38505 | Orc:2    | Reached skill level 5 in Air Magic
 38513 | Orc:2    | Found Tesa's Distillery.
 38879 | Orc:2    | Found Yjanua Uloi's Magic Scroll Shop.
 38975 | Orc:2    | Reached skill level 5 in Ice Magic
 39156 | Orc:2    | Bought a scroll of teleportation for 39 gold pieces
 39156 | Orc:2    | Bought a scroll of teleportation for 39 gold pieces
 39158 | Orc:2    | Bought a potion of heal wounds for 65 gold pieces
 39158 | Orc:2    | Bought a potion of curing for 39 gold pieces
 40594 | Orc:2    | Found Liupeu's Book Emporium.
 40594 | Orc:2    | Found Nikes's Antique Weapon Shoppe.
 40595 | Orc:2    | Found a one-way gate leading to the halls of Pandemonium.
 40761 | Snake:1  | Entered Level 1 of the Snake Pit
 41398 | Lair:2   | Reached XP level 16. HP: 86/134 MP: 23/23
 43210 | Snake:1  | Reached skill level 15 in Dodging
 44483 | Snake:1  | Found a runed translucent gate.
 44483 | Snake:1  | Found a runed translucent gate.
 44483 | Snake:1  | Found an opulent altar of Gozag.
 44483 | Snake:1  | Found a runed translucent gate.
 44485 | Snake:1  | Found Ypro Wunt's Assorted Antiques.
 44487 | Snake:1  | Found Zeebamm's Assorted Antiques.
 44487 | Snake:1  | Noticed Zajic's ghost (adept MiBe)
 45042 | Snake:1  | Found Ejampo's Antique Armour Emporium.
 45043 | Snake:1  | Found Hugesuosch's General Store.
 45043 | Snake:1  | Found Nyish's General Store.
 45048 | Snake:1  | Found Mastrad's Antique Armour Shoppe.
 45633 | Snake:1  | Bought an embroidered cloak for 217 gold pieces
 45648 | Snake:1  | Bought a pair of warped gloves for 285 gold pieces
 45648 | Snake:1  | Identified the +1 pair of gloves "Mankig" {rC- rN+ SInv}
                  | (You bought it in a shop on level 1 of the Snake Pit)
 45658 | Snake:1  | Bought an uncursed ring of protection from magic for 400
                  | gold pieces
 45745 | Snake:2  | Reached skill level 10 in Ice Magic
 46814 | Snake:2  | Found Ziryw's Food Shop.
 46957 | Snake:2  | HP: 5/134 [guardian serpent (13)]
 46974 | Snake:2  | HP: 6/201 [guardian serpent (6)]
 49230 | Snake:4  | Entered Level 4 of the Snake Pit
 51053 | Snake:4  | Collided with a rock wall

Levels and vault maps discovered:
D:1:      dpeg_arrival_tiny_d, layout_rooms, serial_forest,
          infiniplex_forest_corner_2, infiniplex_forest_clump_medium,
          infiniplex_forest_clump_small, infiniplex_forest_straight_4,
          infiniplex_forest_lined_4_way, infiniplex_forest_corner_1,
          infiniplex_forest_split, infiniplex_forest_clump_medium,
          infiniplex_forest_clump_diagonal
D:2:      layout_loops_ring, lemuel_round_altar
D:3:      kennysheep_big_flooded_room, layout_loops_ring, elyvilon_altar_3,
          lemuel_round_altar, nrook_mini_vaults, dk_noncrumbling_3
D:4:      layout_loops_ring, led_sif_pool, first_ration, serial_shops,
          nicolae_shop_behind_doors, uniq_menkaure
D:5:      layout_basic, minmay_temple_entry_hall, bh_walls_and_bars
D:6:      layout_gridville, lemuel_round_altar, kennysheep_little_box,
          ashenzari_altar_1, amethyst_overflow_temple_binary
D:7:      layout_loops_ring, serial_shops, shop
D:8:      erik_cavepeople, layout_basic, dpeg_oklobed_lair, grunt_ogre_cave,
          lightli_church_of_beogh, uniq_erica
D:9:      layout_long_grid, overflow_temple_1_default, zombieorc1_lemuel
D:10:     layout_gridville, serial_shops, nicolae_shop_waterfront, uniq_psyche
D:11:     layout_rooms
D:12:     layout_cave_pools, chequers_big_river, uniq_azrael, uniq_urug
D:13:     layout_loops_cross, david_vaults_1
D:14:     layout_long_grid, infiniplex_staircase_zigzag_4, serial_shops,
          nicolae_shop_trees, gammafunk_ghost_hive, minmay_diamond_spiral
D:15:     grunt_enter_depths_giant_problem, layout_basic, minmay_fountain_box,
          basic_altar, portal_ice_cave_entry_ice_beasts,
          nicolae_looking_at_the_future
Temple:   hc_temple_tempest_star
Lair:1:   layout_roguey, chequers_serial_rivers_large_a
Lair:2:   layout_chaotic_city, guppyfry_snake_entry_island
Lair:3:   layout_layer_cave, minmay_shoals_entry_beasts
Lair:4:   layout_loops_ring, grunt_megastairs_2
Lair:5:   layout_regular_city, grunt_megastairs_1, lemuel_fruit_tree
Lair:6:   evilmike_catoblepas_cave, layout_regular_city,
          minmay_slime_entry_oklob_enclosed, minmay_lair_oklob_chamber
Snake:1:  minmay_snake_river, layout_gridlike, ebering_ghost_gozag,
          st_stairs_12, minmay_shoptagon
Snake:2:  layout_basic, serial_shops, shop_statue, grunt_megastairs_3
Snake:3:  layout_basic
Snake:4:  grunt_snake_rune_serpentine_throne, layout_basic, uniq_louise,
          uniq_vashnia, uniq_agnes
Orc:1:    layout_caves, serial_shops, nicolae_shop_waterfront, mines2_david
Orc:2:    pf_orc_diabolical, layout_diamond_mine, uniq_donald

Skill      XL: |  1  2  3  4  5  6  7  8  9 10 11 12 13 14 15 16 |
---------------+-------------------------------------------------+-----
Fighting       | 1 3 4 5 7 10 11 15 | 15.0
Conjurations   | 2 3 4 5 6 8 |  8.9
Summonings     | 2 |  2.0
Air Magic      | 1 2 3 6 |  6.0
Spellcasting   | 5 |  5.0
Shields        | 3 4 5 9 |  9.0
Invocations    | 3 5 7 10 | 10.1
Evocations     | 2 5 |  5.1
Polearms       | 4 7 10 13 14 | 14.0
Dodging        | 9 10 14 15 | 15.2
Ice Magic      | 7 10 | 10.0
Stealth        | |  1.7
Translocations | |  1.0

Action                   |  1- 3 |  4- 6 |  7- 9 | 10-12 | 13-15 | 16-18 || total
-------------------------+-------+-------+-------+-------+-------+-------++-------
Melee: Dagger            |   301 |    32 |    22 |     3 |       |       ||   358
       Unarmed           |     1 |       |       |       |       |       ||     1
       Tailslap          |    60 |     5 |    13 |    64 |   151 |    42 ||   335
       Trident           |       |    30 |   176 |   818 |  1953 |   789 ||  3766
       Whip              |       |       |       |    12 |       |       ||    12
 Cast: Magic Dart        |    74 |    74 |   151 |   182 |   228 |    37 ||   746
       Call Imp          |     3 |     6 |       |     5 |     8 |       ||    22
       Mephitic Cloud    |       |     1 |    14 |    31 |    75 |       ||   121
       Conjure Flame     |       |       |     1 |     2 |    24 |       ||    27
       Blink             |       |       |       |     2 |     9 |     1 ||    12
Invok: Ancestor Identity |       |     1 |       |       |       |       ||     1
       Ancestor Life: Kn |       |       |     1 |       |       |       ||     1
       Recall Ancestor   |       |       |       |     7 |    20 |     9 ||    36
       Idealise          |       |       |       |     2 |    10 |     4 ||    16
       Transference      |       |       |       |       |     2 |       ||     2
 Abil: Breathe Frost     |       |       |     2 |     2 |     5 |     2 ||    11
Evoke: Wand              |       |     7 |       |     2 |    12 |     5 ||    26
       Box of beasts     |       |       |       |       |       |     1 ||     1
  Use: Scroll            |       |     8 |     3 |    15 |    12 |     5 ||    43
       Potion            |       |       |       |       |     2 |     7 ||     9
 Stab: Paralysed         |       |     9 |       |     5 |     7 |     7 ||    28
       Distracted        |       |     1 |     4 |     9 |    17 |     9 ||    40
       Confused          |       |       |     5 |    17 |    51 |       ||    73
       Sleeping          |       |       |       |     1 |     1 |     1 ||     3
       Petrifying        |       |       |       |     1 |       |       ||     1
       Petrified         |       |       |       |       |    12 |       ||    12
  Eat: Chunk             |     6 |     6 |    12 |    31 |    39 |    11 ||   105
       Ration            |       |     1 |       |     3 |    10 |     6 ||    20
Armor: Skin              |     8 |    19 |    89 |   119 |   236 |   112 ||   583
Dodge: Dodged            |    35 |    54 |   117 |   179 |   606 |   271 ||  1262
Block: Buckler           |       |       |    28 |    69 |   172 |     7 ||   276
       Kite shield       |       |       |       |       |       |   165 ||   165
       Reflection        |       |       |       |       |       |    16 ||    16

Table legend:
 A = Non-vault XP
 B = Vault XP
 C = Vault XP percentage of total XP
 D = Non-vault monster count
 E = Vault monster count
 F = Vault count percentage of total count
                 A         B        C        D         E       F
            +---------+---------+-------+---------+---------+-------
      Total |  131500 |   84084 |  39.0 |     577 |     319 |  35.6
            +---------+---------+-------+---------+---------+-------
        D:1 |      18 |       0 |   0.0 |      11 |       0 |   0.0
        D:2 |      68 |       0 |   0.0 |      24 |       0 |   0.0
        D:3 |     165 |       4 |   2.4 |       9 |       2 |  18.2
        D:4 |     120 |     169 |  58.5 |      10 |       1 |   9.1
        D:5 |     449 |       0 |   0.0 |      14 |       0 |   0.0
        D:6 |    1359 |       0 |   0.0 |      26 |       0 |   0.0
        D:7 |    1384 |       0 |   0.0 |      27 |       0 |   0.0
        D:8 |    2288 |    4713 |  67.3 |      27 |      48 |  64.0
        D:9 |    2174 |     753 |  25.7 |      23 |      28 |  54.9
       D:10 |    3003 |     404 |  11.9 |      28 |       1 |   3.4
       D:11 |    4996 |    1843 |  26.9 |      41 |       5 |  10.9
       D:12 |    5506 |     831 |  13.1 |      24 |       1 |   4.0
       D:13 |    8354 |    1418 |  14.5 |      20 |       3 |  13.0
       D:14 |    5453 |    6973 |  56.1 |      39 |       4 |   9.3
       D:15 |    9884 |    4625 |  31.9 |      28 |      24 |  46.2
     Lair:1 |    1426 |       0 |   0.0 |       8 |       0 |   0.0
     Lair:2 |   13972 |     894 |   6.0 |      32 |       1 |   3.0
     Lair:3 |    3446 |     733 |  17.5 |      14 |       2 |  12.5
     Lair:4 |    4130 |    2467 |  37.4 |      17 |       4 |  19.0
     Lair:5 |    5080 |    5136 |  50.3 |      14 |      14 |  50.0
     Lair:6 |   15034 |   11751 |  43.9 |      36 |      25 |  41.0
    Snake:1 |   13742 |    5094 |  27.0 |      26 |      15 |  36.6
    Snake:2 |    9208 |    2315 |  20.1 |      16 |       4 |  20.0
    Snake:3 |   11825 |       0 |   0.0 |      19 |       0 |   0.0
    Snake:4 |    5109 |    8122 |  61.4 |       9 |      14 |  60.9
      Orc:1 |    1666 |     807 |  32.6 |      17 |       8 |  32.0
      Orc:2 |    1641 |   18622 |  91.9 |      18 |      61 |  77.2
      IceCv |       0 |    6410 | 100.0 |       0 |      54 | 100.0
            +---------+---------+-------+---------+---------+-------
